AoeStats
← XceeS

Arabia

510136604Analyzed
1v1 RM · 3d ago on Sep 29, 2026· 53m 5s· 2 players
Game mode
Random Map
Map size
Tiny (2 player)
Population
200
Speed
Normal
Resources
Standard
Victory
Conquest
Starting age
Dark Age
Ending age
Imperial Age
RankedLock teamsTeams togetherTeam positionsShared explorationLock speedFull tech treeHidden civsTurbo modeCheats
Victory
Defeat
🇫🇷 Ethiopians · France
1183
+18
🇹🇷 Malay · Türkiye
1225
-18
XceeS
5:30 Loom
8:50 Feudal Age
8:38 Town Watch
9:30 Double-Bit Axe
19:15 Castle Age
17:44 Horse Collar
17:56 Gold Mining
19:11 Scale Barding Armor
23:14 Bow Saw
33:53 Forging
33:53 Town Patrol
40:25 Imperial Age
38:37 Iron Casting
38:59 Wheelbarrow
38:07 Elite Skirmisher
39:21 Ballistics
39:12 Masonry
39:02 Fletching
39:12 Padded Archer Armor
42:22 Imperial Age
40:35 Bodkin Arrow
40:56 Leather Archer Armor
43:01 Bracer
43:32 Ring Archer Armor
44:28 Blast Furnace
42:53 Cavalier
43:50 Husbandry
46:17 Chemistry
52:00 Light Cavalry
popin
7:24 Loom
9:51 Feudal Age
11:01 Double-Bit Axe
21:36 Castle Age
19:41 Fletching
21:39 Crossbowman
22:16 Horse Collar
24:21 Bow Saw
24:44 Ballistics
34:54 Imperial Age
33:09 Stone Mining
33:14 Gold Mining
35:34 Bodkin Arrow
36:32 Masonry
38:10 Wheelbarrow
37:47 Bracer
38:57 Scale Barding Armor
38:17 Light Cavalry
40:50 Forging
41:55 Thumb Ring
42:36 Hand Cart
43:28 Chemistry
43:32 Murder Holes
44:07 Architecture
43:53 Arbalester
43:57 Elite Skirmisher
45:01 Padded Archer Armor
45:25 Chain Barding Armor
46:42 Two-Man Saw
46:36 Hussar
48:40 Husbandry
48:26 Man-at-Arms
51:29 Iron Casting
51:10 Leather Archer Armor
Connection lost

Rejoining the realm…

Still unreachable

The connection could not be restored.

Session expired

The server has moved on; the page needs a fresh start.